 Dungeon Crawl Stone Soup version 0.25.0-9-g26727b657a (webtiles) character file.

Game seed: 9910129222829896254

73 HoaS the Twirler (level 4, -7/28 HPs)
             Began as a Gargoyle Gladiator on June 20, 2020.
             Splashed by Ijyb's acid (14 damage)
             ... on level 3 of the Dungeon.
             The game lasted 00:03:23 (1901 turns).

HoaS the Twirler (Gargoyle Gladiator)               Turns: 1901, Time: 00:03:24

Health: -7/28      AC:  7    Str: 19    XL:     4   Next: 27%
Magic:  4/4        EV: 11    Int:  8    God:
Gold:   215        SH:  0    Dex: 11    Spells: 3/3 levels left

rFire    . . .     SeeInvis .   a - +0 quarterstaff
rCold    . . .     Gourm    .   (shield currently unavailable)
rNeg     + . .     Faith    .   w - +0 ring mail (curse)
rPois    ∞         Spirit   .   c - +1 helmet
rElec    +         Reflect  .   (no cloak)
rCorr    .         Harm     .   e - +0 pair of gloves
MR       .....                  (no boots)
Stlth    +.........             (no amulet)
HPRegen  0.09/turn              (no ring)
MPRegen  0.09/turn              (no ring)

@: corroded
A: negative energy resistance 1, electricity resistance, unbreathing,
petrification resistance, rot immunity, AC +3
a: no special abilities


You were on level 3 of the Dungeon.
You were not hungry.

You visited 1 branch of the dungeon, and saw 3 of its levels.

You collected 215 gold pieces.

Inventory:

Hand Weapons
 a - a +0 quarterstaff (weapon)
Missiles
 d - 3 throwing nets (quivered)
 v - 6 boomerangs
Armour
 c - a +1 helmet (worn)
 e - a +0 pair of gloves (worn)
 w - a cursed +0 ring mail (worn)
Scrolls
 i - 3 scrolls of teleportation
 j - a scroll of enchant armour
 r - 3 scrolls of identify
 t - a scroll of fear
Potions
 h - a potion of haste
 k - a potion of brilliance {unknown}
 l - a potion of degeneration {unknown}
 m - a potion of cancellation {unknown}
 n - a potion of curing {unknown}
 o - a potion of mutation {unknown}
 p - 2 potions of might {unknown}
 q - a potion of stabbing {unknown}
 s - a potion of flight {unknown}
 u - a potion of heal wounds {unknown}
Comestibles
 f - 2 rations
 g - a chunk of flesh


   Skills:
 + Level 3.2 Fighting
 * Level 4.4 Staves
 - Level 1.7 Throwing
 - Level 2.4 Dodging


You had 3 spell levels left.
You didn't know any spells.
Your spell library was empty.

Dungeon Overview and Level Annotations

Branches:
Dungeon (3/15)

Altars:
Uskayaw
Zin
The Shining One

Annotations:
D:3 Ijyb


Innate Abilities, Weirdness & Mutations

You are resistant to torment.
Your stone body is resilient. (AC +3)
You are immune to poison.
You resist negative energy. (rN+)
You are resistant to electric shocks. (rElec)
You can survive without breathing.
You are immune to petrification.
You are immune to rotting.


Message History

The leopard gecko is almost dead.
The leopard gecko bites you.
You barely miss the leopard gecko.
The leopard gecko is almost dead.
The leopard gecko bites you but does no damage.
You hit the leopard gecko but do no damage.
The leopard gecko is almost dead.
The leopard gecko misses you. The leopard gecko closely misses you.
You sock the leopard gecko!
You kill the leopard gecko!
Ijyb zaps a wand.
The bolt of acid hits the kobold!!
The kobold is splashed with acid.
The acid corrodes the kobold!
The kobold dies!
The bolt of acid misses you.
The kobold throws a stone.
The stone closely misses you.
Ijyb zaps a wand.
The bolt of acid hits you!
Ouch! That really hurt!
* * * LOW HITPOINT WARNING * * *
The acid corrodes you!
You are splashed with acid!
Ouch! That really hurt!
You die...

... . #.# #.#.#
.#.# ..# #.##
#(.# #(#<.##
#....@#
#.....†)g....
.........#K.....
.######.##......
#.. ..... ###
..... .... ####


You could see Ijyb (fast) and a kobold.

Vanquished Creatures
  3 adders (D:2)
  A worm (D:2)
  A dart slug (D:1)
  2 leopard geckos
  7 bats
  A giant cockroach (D:1)
  5 hobgoblins
  8 kobolds
  A quokka (D:2)
  2 ball pythons
  3 frilled lizards (D:2)
  3 goblins (D:1)
  5 rats
42 creatures vanquished.

Vanquished Creatures (others)
  A kobold (D:3)
1 creature vanquished.

Grand Total: 43 creatures vanquished

Notes
Turn   | Place    | Note
-------+----------+-------------------------------------------
     0 | D:1      | HoaS the Gargoyle Gladiator began the quest for the Orb.
     0 | D:1      | Reached XP level 1. HP: 12/12 MP: 1/1
    97 | D:1      | Reached XP level 2. HP: 18/18 MP: 2/2
   577 | D:1      | Reached XP level 3. HP: 22/22 MP: 3/3
   939 | D:2      | Reached skill level 4 in Staves
  1259 | D:2      | Found a glowing golden altar of the Shining One.
  1338 | D:2      | Reached XP level 4. HP: 27/28 MP: 4/4
  1339 | D:2      | Noticed a +0 dagger
  1339 | D:2      | Noticed a +0 hand axe
  1340 | D:2      | Found a hide-covered altar of Uskayaw.
  1618 | D:2      | Found a glowing silver altar of Zin.
  1890 | D:3      | Noticed Ijyb
  1901 | D:3      | Splashed by Ijyb's acid

Illustrated notes

Levels and vault maps discovered:
D:1:      dpeg_arrival_stonehenge_8_columns, layout_loops_corners
D:2:      layout_loops_corners, overflow_temple_1_default, zin_statuary,
          dancing_weapons_uskayaw, minmay_misc_feat_pillars, minmay_tetromino_i2
D:3:      layout_rooms, st_stairs_1, uniq_ijyb

Skill      XL: |  1  2  3 |
---------------+----------+-----
Staves         | 4 |  4.4
Fighting       | 3 |  3.2
Throwing       | |  1.7
Dodging        | |  2.4

Action                   |  1- 3 |  4- 6 || total
-------------------------+-------+-------++-------
Melee: Quarterstaff      |   102 |    40 ||   142
  Use: Scroll            |     6 |       ||     6
  Eat: Chunk             |     1 |     2 ||     3
Armor: Leather armour    |    42 |    10 ||    52
       Ring mail         |       |    14 ||    14
Dodge: Dodged            |    66 |    41 ||   107
